 Dungeon Crawl Stone Soup version 0.26.0-10-g1f06aea511 (webtiles) character file.

Game seed: 10844175600852936590

98880 dohliylev the Severer (level 15, -15/149 HPs)
             Began as a Minotaur Berserker on Jan 22, 2021.
             Was the Champion of Trog.
             Killed from afar by a shock serpent (19 damage)
             ... with a bolt of electricity
             ... on level 2 of the Snake Pit.
             The game lasted 01:05:47 (22519 turns).

dohliylev the Severer (Minotaur Berserker)         Turns: 22519, Time: 01:05:49

Health: -15/149    AC: 13    Str: 33 (34) XL:     15   Next: 76%
Magic:  0/4        EV: 16    Int:  7 (8)  God:    Trog [******]
Gold:   188        SH:  8    Dex: 11      Spells: 14/14 levels left

rFire    . . .     SeeInvis +   M - +5 battleaxe "Fehusor" {antimagic, Will+ Str+7 Int+4}
rCold    . . .     Faith    .   (shield currently unavailable)
rNeg     . . .     Spirit   +   K - +1 troll leather armour
rPois    .         Reflect  .   (helmet restricted)
rElec    .         Harm     .   h - scarf {repulsion}
rCorr    +         Rampage  .   L - +1 pair of gloves
Will     ++++.                  m - +1 pair of boots
Stlth    +.........             E - brooch of Shielding {Spirit SH+8}
HPRegen  1.74/turn              c - ring of resist corrosion
MPRegen  0.09/turn              x - ring of see invisible

@: lethally poisoned (-15 -> -15), berserk cooldown, regenerating, slowed, repel
missiles, very slow
A: retaliatory headbutt, horns 2, deterioration 1
a: Renounce Religion, Berserk, Trog's Hand, Brothers in Arms


You were on level 2 of the Snake Pit.
You worshipped Trog.
Trog was exalted by your worship.
You visited 4 branches of the dungeon, and saw 20 of its levels.
You also visited: Ossuary and Volcano.

You collected 2135 gold pieces.
You spent 1947 gold pieces at shops.

Inventory:

Hand Weapons
 s - the +9 broad axe of Ciarch {vorpal, *Corrode rElec rN+ Int+4}
   (You found it on level 7 of the Dungeon)

   It inflicts extra damage upon your enemies.
   It affects your intelligence (+4).
   It insulates you from electricity.
   It protects you from negative energy.
   It may corrode you when you take damage.
 F - the +7 war axe of Freehold {flame, *Contam +Inv rN+++}
   (You bought it in a shop on level 5 of the Dungeon)

   It has been specially enchanted to burn those struck by it, causing extra
   injury to most foes and up to half again as much damage against particularly
   susceptible opponents.
   Big, fiery blades are also staple armaments of hydra-hunters.
   It renders you almost immune to negative energy.
   It lets you turn invisible.
   It causes magical contamination when unequipped.
 M - the +5 battleaxe "Fehusor" (weapon) {antimagic, Will+ Str+7 Int+4}
   (You bought it in a shop on level 1 of the Snake Pit)

   It reduces the magical energy of the wielder, and disrupts the spells and
   magical abilities of those hit.
   Natural abilities and divine invocations are not affected.
   It affects your strength (+7).
   It affects your intelligence (+4).
   It affects your willpower, your defense against some magical effects.
Armour
 h - a scarf of repulsion (worn)
 m - a +1 pair of boots (worn)
 y - the +2 leather armour "Zalusoq" {-Tele rPois rF+ Dex+3}
   (You found it on level 8 of the Dungeon)

   It affects your dexterity (+3).
   It protects you from fire.
   It protects you from poison.
   It prevents most forms of teleportation.
 G - a +1 ring mail of positive energy
 I - the +3 ring mail "Xathrog" {rC+}
   (You found it on level 6 of the Lair of Beasts)

   It protects you from cold.
 K - a +1 troll leather armour (worn)
 L - a +1 pair of gloves (worn)
 N - a +1 plate armour of cold resistance
Jewellery
 b - an uncursed ring of flight
 c - a ring of resist corrosion (left hand)
 f - an uncursed ring of willpower {unknown}
 x - a ring of see invisible (right hand)
 E - the brooch of Shielding (around neck) {Spirit SH+8}
   (You found it on level 5 of the Dungeon)

   [amulet of guardian spirit]

   It causes incoming damage to be split between your health and magic.
   It affects your SH (+8).
Wands
 k - a wand of disintegration (17)
Scrolls
 d - 10 scrolls of remove curse
 g - 14 scrolls of teleportation
 i - 2 scrolls of fear
 r - 7 scrolls of enchant weapon
 v - 2 scrolls of magic mapping
 A - 3 scrolls of fog
 D - 6 scrolls of blinking
 O - a scroll of summoning
Potions
 a - a potion of cancellation
 e - 2 potions of flight
 j - 2 potions of ambrosia
 n - 6 potions of heal wounds
 o - 5 potions of curing
 q - 6 potions of might
 w - 4 potions of berserk rage
 z - 2 potions of invisibility
 B - a potion of magic
 C - 3 potions of haste
 J - a potion of resistance {unknown}


   Skills:
 + Level 18.3 Fighting
 - Level 20.0 Axes
 + Level 15.2 Armour
 + Level 9.3 Dodging
 - Level 1.6 Shields


You had 14 spell levels left.
You didn't know any spells.
Your spell library was empty.

Dungeon Overview and Level Annotations

Branches:
Dungeon (10/15)            Temple (0/1) D:5            Lair (6/6) D:8
 Shoals (0/4) Lair:2        Snake (2/4) Lair:2        Slime (0/5) Lair:5
    Orc (2/2) D:10            Elf (0/3) Orc:2       Ossuary (visited)
Volcano (visited)

Altars:
Dithmenos
Hepliaklqana
Kikubaaqudgha
Trog
Wu Jian
Yredelemnul
Beogh

Shops:
D:5 }((   D:7 (=?!   Orc:2 *([!   Snake:1 !((**(?

Annotations:
Lair:5 2 runed translucent doors, Ypehuijo's ghost, journeyman OpFi


Innate Abilities, Weirdness & Mutations

You reflexively headbutt those who attack you in melee.
You have a pair of horns on your head.
Your body sometimes deteriorates upon taking damage.


Message History

The shock serpent closely misses you. You furiously retaliate!
You headbutt the shock serpent!
The shock serpent's electric aura discharges, shocking you!
The shock serpent closely misses you.
The shock serpent shoots out a bolt of lightning at you!
The bolt of electricity hits you!!
* * * LOW HITPOINT WARNING * * *
You slice the shock serpent!! You headbutt the shock serpent!
The shock serpent is almost dead.
The shock serpent's electric aura discharges violently, shocking you!
* * * LOW HITPOINT WARNING * * *
You feel sick. You block the shock serpent's attack.
You barely miss the shock serpent.
The shock serpent is almost dead.
The shock serpent shoots out a bolt of lightning at you!
The bolt of electricity hits you!!
* * * LOW HITPOINT WARNING * * *
The shock serpent shoots out a bolt of lightning at you!
The bolt of electricity hits you!!
You die...

.........#.. ..####
./......... .....#
..........# #....##
..........# #.....##
..........# #....P.#
..........# #..♣ ≈.♣
.......†.)####(≈♣≈≈.≈
........#)()(((≈≈.≈P≈.
.........#...(@.≈≈≈≈≈..
.........###..#S≈≈≈≈.≈.
.........###..#P≈≈≈≈≈..
.........#......≈≈≈≈.≈P
........##......≈≈.≈≈≈.
........##......≈≈≈.≈♣.
........#....#..P≈≈≈P.
.......<....##...P....
...........## #......


You could see a shock serpent.

Vanquished Creatures
  Saint Roka (Orc:2)
  A nagaraja (Snake:2)
  An orc warlord (Orc:2)
  The ghost of Rayvis the Severer, a journeyman MiFi of Jiyva (Orc:1)
  2 entropy weavers (Lair:5)
  A dire elephant (Lair:6)
  The ghost of Nattefrost the Protected, a journeyman HuAr of Makhleb (Lair:2)
  The ghost of Dracia the Fighter, a journeyman DsGl of Makhleb (D:10)
  A boulder beetle (Lair:2)
  3 naga warriors
  8 hydras
  A catoblepas (Lair:6)
  6 anacondas
  A centaur warrior (D:8)
  2 two-headed ogres
  5 death yaks (Lair:6)
  A queen ant (Lair:5)
  A deep troll shaman (Lair:6)
  An orc high priest (Orc:2)
  A shock serpent (Snake:1)
  4 naga sharpshooters
  A hell knight (Volcano)
  Nergalle (Lair:4)
  Sonja (Lair:2)
  An unseen horror (D:10)
  4 naga ritualists
  2 orc knights (Orc:2)
  4 mana vipers (Snake:1)
  2 orc sorcerers (Orc:2)
  2 ugly things (Volcano)
  A salamander (Snake:2)
  18 black mambas
  2 merfolk sirens (Lair:2)
  13 elephants
  2 molten gargoyles (Volcano)
  A torpor snail (Lair:3)
  A smoke demon (Volcano)
  4 naga magi
  12 cane toads
  15 komodo dragons
  5 rime drakes
  3 trolls
  2 polar bears
  7 blink frogs
  9 dream sheep (Lair:6)
  Prince Ribbit (D:8)
  A slime creature (Lair:2)
  A wraith (D:7)
  68 yaks
  5 fire bats
  3 wyverns
  5 basilisks
  A steam dragon (D:9)
  A warg (Orc:2)
  8 nagas (Snake:1)
  Menkaure (D:5)
  19 soldier ants (Lair:5)
  2 hell hounds (Volcano)
  14 water moccasins
  An eye of draining (D:9)
  5 ice beasts
  19 orc warriors
  3 sky beasts
  4 black bears
  7 ogres
  3 phantoms
  3 necrophages
  4 centaurs
  7 wolves
  A big kobold (D:8)
  4 gnoll sergeants (D:10)
  12 bullfrogs
  10 scorpions
  11 killer bees
  13 wights
  2 electric eels (D:10)
  6 howler monkeys
  A bullfrog zombie (D:9)
  5 centaur zombies
  5 lava snakes (Volcano)
  2 quasits
  A centaur skeleton (D:9)
  2 human zombies
  16 orc priests
  2 gnoll shamans (D:10)
  11 hounds
  11 jellies
  24 orc wizards
  3 bullfrog skeletons
  3 iguanas
  Jessica (D:3)
  Terence (D:3)
  Ijyb (D:5)
  A human skeleton (D:7)
  18 worker ants
  3 big kobold zombies (Ossuary)
  A hound zombie (D:7)
  A hound skeleton (D:9)
  6 mummies
  A worker ant zombie (D:7)
  14 adders
  35 gnolls
  3 scorpion zombies (Ossuary)
  4 shadow imps (D:5)
  3 white imps
  An ufetubus (D:6)
  17 oozes
  2 worms (D:2)
  3 dart slugs
  4 leopard geckos
  81 orcs
  7 bats
  4 giant cockroaches
  2 gnoll zombies (Ossuary)
  7 goblins
  7 hobgoblins
  20 jackals
  7 kobolds
  3 quokkas
  A ball python (Lair:2)
  8 frilled lizards
  A giant cockroach zombie (D:5)
  3 goblin zombies (Ossuary)
  2 hobgoblin zombies (Ossuary)
  2 leopard gecko skeletons
  A leopard gecko zombie (D:7)
  3 orc zombies
  5 rats
772 creatures vanquished.

Vanquished Creatures (collateral kills)
  2 hydras
  3 elephants (Lair:6)
  2 polar bears (Lair:6)
  2 yaks (Lair:6)
  A water moccasin (Lair:6)
  A black bear (Lair:6)
  3 wolves (Lair:6)
  An ooze (Lair:5)
15 creatures vanquished.

Vanquished Creatures (others)
  A gnoll (D:10)
  An orc (Orc:2)
  31 fungi
  44 plants
77 creatures vanquished.

Grand Total: 864 creatures vanquished

Notes
Turn   | Place    | Note
-------+----------+-------------------------------------------
     0 | D:1      | dohliylev the Minotaur Berserker began the quest for the
                  | Orb.
     0 | D:1      | Reached XP level 1. HP: 19/19 MP: 0/0
   256 | D:1      | Reached skill level 4 in Axes
   256 | D:1      | Reached XP level 2. HP: 23/27 MP: 1/1
   487 | D:1      | Reached XP level 3. HP: 33/33 MP: 2/2
   770 | D:2      | Reached ** piety under Trog
   978 | D:2      | Reached XP level 4. HP: 19/41 MP: 3/3
   981 | D:2      | Reached skill level 5 in Axes
  2023 | D:3      | Noticed Terence
  2034 | D:3      | Killed Terence
  2035 | D:3      | Reached XP level 5. HP: 47/47 MP: 4/4
  2111 | D:3      | Noticed Jessica
  2113 | D:3      | Killed Jessica
  2378 | D:4      | Reached skill level 6 in Axes
  2381 | D:4      | Reached skill level 5 in Fighting
  2427 | D:4      | Noticed an ogre
  2433 | D:4      | Killed an ogre
  2433 | D:4      | Reached *** piety under Trog
  2434 | D:4      | Reached XP level 6. HP: 34/56 MP: 5/5
  2681 | D:4      | Reached skill level 7 in Axes
  2708 | D:4      | Reached XP level 7. HP: 20/62 MP: 6/6
  3229 | D:4      | Reached skill level 8 in Axes
  3492 | D:4      | Reached skill level 5 in Armour
  3492 | D:4      | Reached XP level 8. HP: 71/71 MP: 7/7
  3817 | D:5      | Entered Level 5 of the Dungeon
  3817 | D:5      | Found Beclischi's Antique Weapon Emporium.
  3825 | D:5      | Found Xaomi's Gadget Boutique.
  3867 | D:5      | Found the brooch of Shielding {Spirit SH+8}
  3900 | D:5      | Reached skill level 9 in Axes
  4004 | D:5      | Noticed Ijyb
  4012 | D:5      | Killed Ijyb
  4051 | D:5      | Found Lasmo's Antique Weapon Emporium.
  4078 | D:5      | Found a sand-covered staircase.
  4095 | Ossuary  | Entered an ossuary
  4473 | Ossuary  | Reached **** piety under Trog
  4696 | Ossuary  | Reached skill level 10 in Axes
  4699 | Ossuary  | Reached skill level 5 in Dodging
  4703 | Ossuary  | Reached XP level 9. HP: 79/79 MP: 8/8
  5054 | D:5      | Found a staircase to the Ecumenical Temple.
  5176 | D:5      | Found a shadowy altar of Dithmenos.
  5303 | D:5      | Noticed Menkaure
  5307 | D:5      | Killed Menkaure
  5717 | D:5      | Bought a dazzling war axe for 272 gold pieces
  5717 | D:5      | Identified the +7 war axe of Freehold {flame, *Contam +Inv
                  | rN+++} (You bought it in a shop on level 5 of the Dungeon)
  5972 | D:6      | Reached skill level 1 in Shields
  6048 | D:6      | Reached skill level 11 in Axes
  6539 | D:7      | Found Gyas's Magic Scroll Boutique.
  6567 | D:7      | Got a twisted broad axe
  6568 | D:7      | Identified the +9 broad axe of Ciarch {vorpal, *Corrode
                  | rElec rN+ Int+4} (You found it on level 7 of the Dungeon)
  6578 | D:7      | Gained mutation: Your body sometimes deteriorates upon
                  | taking damage. [mutagenic glow]
  6604 | D:7      | Found Fireum's Distillery.
  6650 | D:7      | Found a hazy altar of Hepliaklqana.
  6651 | D:7      | Found a bloodstained altar of Trog.
  6689 | D:7      | Found Wobupae's Jewellery Emporium.
  6775 | D:7      | Found a basalt altar of Yredelemnul.
  6782 | D:7      | Found Riux Xyo's Antique Weapon Shop.
  7132 | D:7      | Reached skill level 12 in Axes
  7191 | D:7      | Found an ancient bone altar of Kikubaaqudgha.
  7213 | D:7      | Reached XP level 10. HP: 90/90 MP: 9/9
  7323 | D:8      | Reached ***** piety under Trog
  7349 | D:8      | Noticed Prince Ribbit
  7351 | D:8      | Noticed a centaur warrior
  7361 | D:8      | Killed a centaur warrior
  7362 | D:8      | Reached skill level 13 in Axes
  7362 | D:8      | Killed Prince Ribbit
  7480 | D:8      | Got a distressingly furry leather armour
  7518 | D:8      | Identified the +2 leather armour "Zalusoq" {-Tele rPois rF+
                  | Dex+3} (You found it on level 8 of the Dungeon)
  7728 | D:8      | Noticed a two-headed ogre
  7729 | D:8      | Reached skill level 14 in Axes
  7735 | D:8      | Killed a two-headed ogre
  7736 | D:8      | Reached skill level 10 in Fighting
  8155 | D:8      | Found a staircase to the Lair.
  8189 | Lair:1   | Entered Level 1 of the Lair of Beasts
  8264 | Lair:1   | Noticed an eight-headed hydra
  8276 | Lair:1   | Killed a 13-headed hydra
  8277 | Lair:1   | Reached XP level 11. HP: 88/101 MP: 7/10
  9090 | Lair:1   | Reached skill level 15 in Axes
  9178 | Lair:1   | Received a gift from Trog
  9432 | Lair:2   | Reached skill level 10 in Armour
  9437 | Lair:2   | Reached skill level 16 in Axes
  9457 | Lair:2   | Found a dark tunnel.
  9476 | Volcano  | Entered a volcano
  9747 | Volcano  | Reached XP level 12. HP: 111/111 MP: 11/11
  9846 | Volcano  | Found a bloodstained altar of Trog.
 10203 | Lair:2   | Found a staircase to the Shoals.
 10230 | Lair:2   | Noticed Sonja
 10241 | Lair:2   | Reached skill level 17 in Axes
 10248 | Lair:2   | Killed Sonja
 10344 | Lair:2   | Noticed a boulder beetle
 10352 | Lair:2   | Killed a boulder beetle
 10588 | Lair:2   | Found a staircase to the Snake Pit.
 11076 | Lair:2   | Found a large runed translucent door.
 11082 | Lair:2   | Found a large runed translucent door.
 11084 | Lair:2   | Noticed Nattefrost's ghost (journeyman HuAr)
 11305 | Lair:2   | Killed Nattefrost's ghost
 11306 | Lair:2   | Reached skill level 18 in Axes
 11416 | Lair:3   | Received a gift from Trog
 11627 | Lair:3   | Reached XP level 13. HP: 115/119 MP: 12/12
 12653 | Lair:4   | Reached skill level 19 in Axes
 12804 | Lair:4   | Noticed Nergalle
 12819 | Lair:4   | Killed Nergalle
 13888 | Lair:5   | Found a large runed translucent door.
 13894 | Lair:5   | Found a large runed translucent door.
 13901 | Lair:5   | Noticed Ypehuijo's ghost (journeyman OpFi)
 14535 | Lair:5   | Noticed an entropy weaver
 14540 | Lair:5   | Noticed an entropy weaver
 14551 | Lair:5   | Reached ****** piety under Trog
 14551 | Lair:5   | Received a gift from Trog
 14564 | Lair:5   | Killed an entropy weaver
 14566 | Lair:5   | Killed an entropy weaver
 14567 | Lair:5   | Reached XP level 14. HP: 132/132 MP: 11/13
 14582 | Lair:5   | Reached skill level 20 in Axes
 15057 | Lair:5   | Found a staircase to the Slime Pits.
 15297 | Lair:6   | Entered Level 6 of the Lair of Beasts
 15641 | Lair:6   | Got a distressingly furry ring mail
 15661 | Lair:6   | Identified the +3 ring mail "Xathrog" {rC+} (You found it
                  | on level 6 of the Lair of Beasts)
 15868 | Lair:6   | Received a gift from Trog
 16326 | Lair:6   | Reached skill level 15 in Fighting
 17796 | D:9      | Found an ornate altar of the Wu Jian Council.
 18031 | D:10     | Entered Level 10 of the Dungeon
 18082 | D:10     | Found a large runed translucent door.
 18082 | D:10     | Found a large runed translucent door.
 18083 | D:10     | Noticed Dracia's ghost (journeyman DsGl)
 18258 | D:10     | Received a gift from Trog
 18446 | D:10     | Found a staircase to the Orcish Mines.
 18685 | D:10     | Killed Dracia's ghost
 18800 | Orc:1    | Entered Level 1 of the Orcish Mines
 18812 | Orc:1    | Found a runed translucent door.
 18812 | Orc:1    | Noticed Rayvis's ghost (journeyman MiFi)
 18824 | Orc:1    | Killed Rayvis's ghost
 18825 | Orc:1    | Reached skill level 15 in Armour
 18834 | Orc:1    | Got an ichor-stained long sword
 18835 | Orc:1    | Identified the +4 long sword "Filydude" {speed, rElec rC+}
                  | (You found it on level 1 of the Orcish Mines)
 19183 | Orc:2    | Entered Level 2 of the Orcish Mines
 19183 | Orc:2    | Noticed Saint Roka
 19208 | Orc:2    | Killed Saint Roka
 19209 | Orc:2    | Reached XP level 15. HP: 132/144 MP: 9/14
 19412 | Orc:2    | Found a roughly hewn altar of Beogh.
 19802 | Orc:2    | Found a staircase to the Elven Halls.
 19827 | Orc:2    | Found a roughly hewn altar of Beogh.
 19831 | Orc:2    | Found Dogougo Bomn's General Store.
 19832 | Orc:2    | Received a gift from Trog
 19870 | Orc:2    | Found a roughly hewn altar of Beogh.
 19903 | Orc:2    | Found a roughly hewn altar of Beogh.
 19947 | Orc:2    | Noticed an orc warlord
 19962 | Orc:2    | Killed an orc warlord
 20138 | Orc:2    | Found Deicik's Antique Weapon Boutique.
 20152 | Orc:2    | Found Amumnutz's Antique Armour Shop.
 20153 | Orc:2    | Found a roughly hewn altar of Beogh.
 20167 | Orc:2    | Bought a pair of embroidered gloves for 232 gold pieces
 20315 | Orc:2    | Found a roughly hewn altar of Beogh.
 20316 | Orc:2    | Found Dudiwn's Distillery.
 20445 | Orc:2    | Found a roughly hewn altar of Beogh.
 20704 | Snake:1  | Entered Level 1 of the Snake Pit
 20917 | Snake:1  | Found Etaosafu's Weapon Shoppe.
 21010 | Snake:1  | Found Xidoot Punu's Magic Scroll Emporium.
 21012 | Snake:1  | Bought the +5 battleaxe "Fehusor" {antimagic, Will+ Str+7
                  | Int+4} for 1443 gold pieces
 21106 | Snake:1  | Found Yssa Uli's Assorted Antiques.
 21110 | Snake:1  | Found Jufyis's Weapon Shop.
 21147 | Snake:1  | Found a hazy altar of Hepliaklqana.
 21193 | Snake:1  | Found Keagax's Distillery.
 21426 | Snake:1  | Found Haasaenn's Antique Weapon Emporium.
 21428 | Snake:1  | Found Dinugy's General Store.
 21608 | Snake:1  | Received a gift from Trog
 21947 | Snake:1  | You fall into a shaft and drop 1 floor!
 21947 | Snake:2  | Noticed a nagaraja
 21959 | Snake:2  | Killed a nagaraja
 22519 | Snake:2  | HP: 4/149 [shock serpent/bolt of electricity (18)]
 22519 | Snake:2  | Killed from afar by a shock serpent

Illustrated notes

Levels and vault maps discovered:
D:1:      lemuel_arrival_cross, layout_basic
D:2:      layout_basic
D:3:      layout_basic, uniq_jessica, uniq_terence
D:4:      cheibrodos_pilgrimage, layout_basic
D:5:      layout_gridville, grunt_dithmenos_smoke, minmay_temple_entry_arrows,
          gup_ossuary_entry_pyramid, serial_shops, nicolae_shop_statue_plus,
          kennysheep_mini_moat, shop_fountains, minmay_bent, uniq_menkaure,
          uniq_ijyb
D:6:      layout_cave_pools
D:7:      layout_loops_ring, nicolae_overflow_hidden_temple,
          lemuel_mausoleum_altar_kikubaaqudgha,
          chequers_temple_overflow_statue_of_worship, serial_shops, shop,
          shop_fountains, shop, shop_fountains
D:8:      layout_cave_pools, david_lair_shrubbed, uniq_prince_ribbit1
D:9:      layout_basic, old_standard_altar
D:10:     layout_big_octagon, orc_0_dummy, ebering_ghost_disaster_area,
          serial_gnoll_camp, gnoll_camp_huts_moat, gnoll_camp_medium_02,
          gnoll_camp_mini_doghouse, gnoll_camp_mini_house
Lair:1:   layout_regular_city, st_stairs_3, grunt_megastairs_2
Lair:2:   lemuel_slime, layout_hall_layers, elwin_shoals_entry_rooms,
          minmay_snake_entry_six_corridors, ebering_ghost_disaster_area,
          nicolae_volcano_entry_batcave, chequers_serial_rivers_micro_e,
          uniq_sonja
Lair:3:   layout_cellular_growth, beast_lair_carwin_1
Lair:4:   layout_roguey, chequers_serial_rivers_micro_c, serial_bayou_shore_b,
          grunt_megastairs_1, infiniplex_staircase_pool_2, uniq_nergalle
Lair:5:   layout_concentric_octagons, nicolae_slime_entry_slimehenge,
          ebering_ghost_disaster_area, zaba_antful_of_joy
Lair:6:   grunt_lair_end_beastmaster, layout_regular_city, serial_bayou_shore_b
Snake:1:  layout_chambers, basic_altar, serial_shops, shop, shop, shop, shop,
          shop, minmay_shoptagon
Snake:2:  layout_grid_shapes, serial_bayou_pond_b, serial_bayou_pond_a,
          st_stairs_7
Orc:1:    layout_caves, serial_shops, nicolae_shop_stone,
          ebering_ghost_inner_flame
Orc:2:    grunt_orc_community_town_hall, layout_caves,
          grunt_orc_community_big_house_1, grunt_orc_community_big_house_2,
          grunt_orc_community_house_2, grunt_orc_community_house_2,
          grunt_orc_community_house_3, grunt_orc_community_house_2,
          grunt_orc_community_house_3, uniq_saint_roka

Skill      XL: |  1  2  3  4  5  6  7  8  9 10 11 12 13 14 15 |
---------------+----------------------------------------------+-----
Axes           | 4 5 6 7 8 10 12 14 16 18 19 20 | 20.0
Fighting       | 4 5 6 7 8 10 11 12 14 16 18 | 18.3
Dodging        | 3 4 5 6 9 |  9.3
Armour         | 3 5 6 8 9 10 11 12 15 | 15.2
Shields        | 1 |  1.6

Action                   |  1- 3 |  4- 6 |  7- 9 | 10-12 | 13-15 || total
-------------------------+-------+-------+-------+-------+-------++-------
Melee: Hand axe          |    55 |   101 |   265 |       |       ||   421
       Headbutt          |    10 |    14 |    80 |    72 |   145 ||   321
       Broad axe         |       |       |    50 |   347 |   692 ||  1089
       War axe           |       |       |    43 |       |       ||    43
       Battleaxe         |       |       |       |       |    96 ||    96
Invok: Berserk           |     2 |     2 |    10 |    10 |    27 ||    51
       Trog's Hand       |       |     2 |     2 |     2 |     5 ||    11
       Brothers in Arms  |       |       |       |       |     3 ||     3
  Use: Scroll            |       |       |    13 |     6 |    14 ||    33
       Potion            |       |       |       |       |     1 ||     1
 Stab: Sleeping          |     1 |     1 |       |       |       ||     2
       Petrified         |       |       |       |       |     8 ||     8
       Petrifying        |       |       |       |       |     1 ||     1
Armor: Animal skin       |    15 |     4 |       |       |       ||    19
       Scale mail        |       |    16 |    15 |       |       ||    31
       Chain mail        |       |       |   119 |       |       ||   119
       Plate armour      |       |       |    11 |   130 |   237 ||   378
       Leather armour    |       |       |       |     8 |       ||     8
       Troll leather arm |       |       |       |       |    55 ||    55
Dodge: Dodged            |    43 |    66 |   146 |    82 |   237 ||   574
       Repelled          |       |     1 |     2 |     6 |    11 ||    20
Block: Kite shield       |       |       |    29 |   258 |   624 ||   911
       Other             |       |       |    28 |       |    24 ||    52
